AoeStats
← Kiritastrich

Arena

513788923Analyzed
1v1 RM · 5d ago on Oct 15, 2026· 34m 50s· 2 players
Game mode
Random Map
Map size
Tiny (2 player)
Population
200
Speed
Normal
Resources
Standard
Victory
Conquest
Starting age
Dark Age
Ending age
Imperial Age
RankedLock teamsTeams togetherTeam positionsShared explorationLock speedFull tech treeHidden civsTurbo modeCheats
Victory
Defeat
🇦🇺 Dravidians · Australia
1947
+14
vs
🇷🇺 Georgians · Russia
1911
-14
Kiritastrich
10:51 Feudal Age
9:59 Loom
11:44 Feudal Age
15:35 Castle Age
14:01 Double-Bit Axe
14:43 Horse Collar
35:32 Wheelbarrow
Bog Sauce
9:16 Feudal Age
9:49 Loom
9:50 Double-Bit Axe
12:48 Wheelbarrow
12:27 Fletching
13:03 Horse Collar
24:12 Castle Age
24:48 Bodkin Arrow
25:04 Bow Saw
31:43 Heavy Plow
31:34 Gold Mining
31:59 Town Watch
37:18 Imperial Age
34:34 Town Watch
35:28 Padded Archer Armor
Connection lost

Rejoining the realm…

Still unreachable

The connection could not be restored.

Session expired

The server has moved on; the page needs a fresh start.